 Dungeon Crawl Stone Soup version 0.21-a0-329-g12f17e1 (webtiles) character file.

1797143 McSplat the Invulnerable (level 27, 249/249 HPs)
             Began as a Barachi Berserker on Oct 1, 2017.
             Was the Champion of Trog.
             Escaped with the Orb
             ... and 3 runes on Oct 2, 2017!
             The game lasted 04:30:43 (62405 turns).

McSplat the Invulnerable (Barachi Berserker)       Turns: 62405, Time: 04:30:43

Health: 249/249    AC: 47    Str: 28    XL:     27
Magic:  42/44      EV: 18    Int:  8    God:    Trog [******]
Gold:   2404       SH: 19    Dex: 19    Spells: 26/26 levels left

rFire    + + +     SeeInvis +   b - +8 mithril axe "Arga" {speed, MR+}
rCold    + + .     Gourm    .   L - +2 shield "Ciehiy" {rF+ MP+9 Int+3}
rNeg     + . .     Faith    .   d - +11 gold dragon scales
rPois    +         Spirit   .   l - -2 hat of the Alchemist {rElec rPois rF+ rC+ rN+ MR+ rMut rCorr}
rElec    +         Reflect  .   w - +2 cloak
rCorr    +         Harm     .   h - +2 pair of gloves
rMut     +         Rnd*Rage +   N - +1 pair of boots of Forking Paths {Str+4}
MR       +++++                  K - necklace of Bloodlust {*Rage +Rage MR++ Int-3 Slay+6 *Curse} (curse)
Stlth    ..........             D - ring of Gumubyh {rPois MR+ SInv}
HPRegen  0.51/turn              m - ring of Unod Ley {+Fly rElec MR+ Slay+2}
MPRegen  0.29/turn

@: hasted, very quick
A: +LOS, swims, berserk 1, blurry vision 1, screaming 1, slowness 1, MP-powered
wands, strong legs 2
0: Orb of Zot
}: 3/15 runes: serpentine, barnacled, silver
a: Hop, Berserk, Trog's Hand, Brothers in Arms, Burn Spellbooks, Renounce
Religion, Evoke Berserk Rage, Evoke Flight


You escaped.
You worshipped Trog.
Trog was exalted by your worship.
You were not hungry.

You visited 9 branches of the dungeon, and saw 49 of its levels.
You visited 2 bazaars.
You also visited: Trove, Ossuary and Ice Cave.

You collected 7726 gold pieces.
You spent 5322 gold pieces at shops.

Inventory:

Hand Weapons
 a - a +9 antimagic broad axe
 b - the +8 mithril axe "Arga" (weapon) {speed, MR+}
   (Trog gifted it to you on level 15 of the Dungeon)

   Attacks with this weapon are significantly faster.
   It affects your resistance to hostile enchantments.
Missiles
 n - 26 javelins of returning
 O - 7 throwing nets
 W - 13 poisoned javelins (quivered)
Armour
 d - +11 gold dragon scales (worn)
 h - a +2 pair of gloves (worn)
 l - the -2 hat of the Alchemist (worn) {rElec rPois rF+ rC+ rN+ MR+ rMut rCorr}
   (You found it on level 3 of the Elven Halls)

   It protects you from fire.
   It protects you from cold.
   It insulates you from electricity.
   It protects you from poison.
   It protects you from negative energy.
   It affects your resistance to hostile enchantments.
   It protects you from acid and corrosion.
   It protects you from mutation.
 w - a +2 cloak (worn)
 L - the +2 shield "Ciehiy" (worn) {rF+ MP+9 Int+3}
   (You took it off an orc on level 9 of the Dungeon)

   It affects your intelligence (+3).
   It protects you from fire.
   It affects your magic capacity (+9).
 N - the +1 pair of boots of Forking Paths (worn) {Str+4}
   (You found it on level 3 of the Vaults)

   It affects your strength (+4).
Jewellery
 m - the ring of Unod Ley (right hand) {+Fly rElec MR+ Slay+2}
   (You bought it in a shop on level 3 of the Depths)

   [ring of flight]

   It affects your accuracy and damage with ranged weapons and melee attacks
   (+2).
   It insulates you from electricity.
   It affects your resistance to hostile enchantments.
   It lets you fly.
 D - the ring of Gumubyh (left hand) {rPois MR+ SInv}
   (You took it off a deep elf annihilator on level 3 of the Elven Halls)

   [ring of protection from magic]

   It protects you from poison.
   It affects your resistance to hostile enchantments.
   It lets you see invisible.
 K - the cursed necklace of Bloodlust (around neck) {*Rage +Rage MR++ Int-3 Slay+6 *Curse}
   (You bought it in a shop on level 2 of the Shoals)

   [amulet of rage]

   It affects your intelligence (-3).
   It affects your accuracy and damage with ranged weapons and melee attacks
   (+6).
   It affects your resistance to hostile enchantments.
   It lets you go berserk.
   It may make you go berserk in combat.
   It curses itself when equipped.
   It has a curse placed upon it.
Wands
 e - a wand of digging (7/24)
 g - a wand of lightning (6/15)
 i - a wand of clouds (5/9)
 j - a wand of iceblast (7/15)
 v - a wand of digging (13/24)
 z - a wand of clouds (3/9)
 B - a wand of acid (8/15)
 C - a wand of scattershot (4/9)
Scrolls
 p - 11 scrolls of fog
 q - a scroll of magic mapping
 s - 26 scrolls of teleportation
 t - 6 scrolls of silence
 u - 2 scrolls of recharging
 F - a scroll of summoning
 G - 7 scrolls of remove curse
 P - 2 scrolls of holy word
 R - 5 scrolls of fear
 T - 2 scrolls of blinking
 Z - 16 scrolls of identify
Potions
 k - 6 potions of cancellation
 o - 5 potions of haste
 x - 8 potions of curing
 A - 10 potions of agility
 E - 13 potions of flight
 H - 5 potions of mutation
 I - 2 potions of resistance
 M - 2 potions of ambrosia
 Q - 14 potions of heal wounds
 X - 5 potions of might
Comestibles
 c - 6 bread rations
 f - 25 royal jellies
 J - 21 meat rations


   Skills:
 O Level 27 Fighting
 - Level 24.0 Axes
 + Level 14.5 Throwing
 O Level 27 Armour
 + Level 16.5 Dodging
 + Level 20.9 Shields
 - Level 16.6 Evocations


You had 26 spell levels left.
You didn't know any spells.

Dungeon Overview and Level Annotations

Branches:
Dungeon (15/15)            Temple (0/1) D:4            Lair (6/6) D:11
 Shoals (4/4) Lair:3        Snake (4/4) Lair:2        Slime (0/5) Lair:5
    Orc (2/2) D:9             Elf (3/3) Orc:2        Vaults (5/5) D:13
  Crypt (0/3) Vaults:2     Depths (5/5) D:15            Zot (5/5) Depths:5

Altars:
Cheibriados
Elyvilon
Fedhas
Gozag
Hepliaklqana
Makhleb
Nemelex Xobeh
Okawaru
Ru
Sif Muna
Trog
Vehumet
Wu Jian
Xom
Yredelemnul
Zin
The Shining One
Beogh

Shops:
D:4 %   D:12 (   Orc:2 [([(   Elf:2 %   Shoals:2 *=:*=   Snake:3 %*:=
Vaults:4 :   Depths:3 ?=(?   Depths:5 =}}

Portals:
Hell: Depths:1 Depths:2 Depths:3 Depths:4 Depths:5
Abyss: Depths:4 Depths:5
Pandemonium: Depths:3
Ziggurat: Depths:2

Annotations:
D:15 exclusion: Roxanne, Roxanne
Lair:1 exclusion: oklob plant
Lair:6 1 runed door
Shoals:4 exclusion: 2 oklob plants
Snake:4 exclusion: oklob plant
Depths:2 1 runed door


Innate Abilities, Weirdness & Mutations

Shadows flee at your approach. (+LOS)
You can swim through water.
You cover ground slowly.
You can hop longer distances.
You tend to lose your temper in combat.
Scrolls take you a little longer to read.
You occasionally shout uncontrollably at your foes.
You expend magic power (3 MP) to strengthen your wands.


Message History

Press: ? - help, Shift-Dir - straight line The rock shatters into small pieces.
This wand has 9 charges left.
You ribbit at the ynoxinul!
A ynoxinul and a pandemonium lord come into view.
You feel yourself speed up.
The ynoxinul bellows!
Press: ? - help, v - describe, . - travel
Here: a ynoxinul The floor.
Unknown command.
Evoke which item? (* to show all) (? for menu, Esc to quit)
Aiming: Dig
Press: ? - help, Shift-Dir - straight line The rock shatters into small pieces.
This wand has 8 charges left.
Evoke which item? (* to show all) (? for menu, Esc to quit)
Aiming: Dig
Press: ? - help, Shift-Dir - straight line The rock shatters into small pieces.
This wand has 7 charges left.
There is a staircase leading out of the dungeon here.
You have escaped!

#.###..#####≈≈≈≈≈§≈#####..###...
#.##.### #≈≈§....§≈≈≈# ###.###.#
####.## #..........)# ##.####
..##.# ######'###### #.####
.###.##### ###8#.'8### #####.##.#
(##.##§..###.........###...##.#.#
.##.#≈≈..##........(..##....#.#..
.##.#≈..(##............#....#.#..
.##.+≈(.((8..&..@...........'....
.##.#≈...#'............#....#.###
.##.#≈≈..#....(.......##....#.#
.##.##≈...##.........###...##.#
.....&...######8'8#### #####.####
####.###########(###### #.##.#
#.## #..§.(......# ##.##.# ##.###
#≈§≈....(≈≈≈# ###.###.#
######..#####≈≈≈≈≈§§#####..###...


You could see Puyxt.

Vanquished Creatures
  4 orbs of fire (Zot:5)
  Mennas (Vaults:2)
  4 juggernauts
  3 ancient liches (Zot:5)
  Saint Roka (Snake:2)
  Bai Suzhen (Depths:2)
  4 caustic shrikes (Depths:5)
  Vashnia (Snake:3)
  6 Killer Klowns (Zot:5)
  5 golden dragons
  2 electric golems (Zot:5)
  An iron giant (shapeshifter) (Depths:4)
  11 tentacled monstrosities
  The ghost of pichaelthompson the Peltast, an adept DsBe of Trog (Vaults:1)
  27 Orb Guardians
  3 liches
  Asterion (Elf:2)
  7 quicksilver dragons
  Polyphemus (Shoals:2)
  2 deep elf blademasters (Elf:3)
  A kraken (Shoals:2)
  2 deep elf master archers (Elf:3)
  An Executioner (D:7)
  3 death cobs
  9 sphinxes
  6 titans
  The ghost of Amnesiac the Geomancer, an adept GnEE of Ashenzari (Elf:3)
  7 shadow dragons
  2 ancient champions
  Kirke (D:12)
  Frances (D:12)
  7 storm dragons
  10 nagarajas
  12 tengu reavers
  Ilsuiw (Shoals:4)
  3 draconian monks
  A revenant (Vaults:2)
  A draconian knight (Zot:5)
  6 deep elf sorcerers
  16 fire giants
  20 frost giants
  17 vault wardens
  A ghost moth (Zot:5)
  A draconian scorcher (Zot:4)
  An emperor scorpion (shapeshifter) (Depths:2)
  4 iron dragons
  7 deep elf elementalists
  A draconian annihilator (Zot:3)
  Aizul (Snake:2)
  2 spriggan defenders (Depths:2)
  A draconian stormcaller (Zot:5)
  2 entropy weavers
  2 war gargoyles
  22 stone giants
  4 green draconians
  19 ironheart preservers
  18 very ugly things
  10 deep elf demonologists
  Azrael (Snake:2)
  3 vampire knights
  4 black draconians
  A lorocyproca (D:14)
  3 white draconians
  3 purple draconians
  10 deep elf annihilators
  2 yellow draconians
  5 spark wasps
  A red draconian (Zot:5)
  4 merfolk javelineers (Shoals:4)
  17 ettins
  Josephine (Shoals:1)
  7 deep elf death magi
  10 merfolk impalers
  9 ice dragons
  18 fire dragons
  7 deep elf high priests
  8 great orbs of eyes
  A monstrous demonspawn (D:14)
  6 rakshasas
  20 yaktaur captains
  12 naga warriors
  Fannar (Lair:3)
  Erolcha (D:9)
  3 spriggan air magi
  A hydra (Lair:1)
  46 vault guards
  23 anacondas
  2 hell beasts
  5 merfolk avatars
  3 catoblepae
  12 centaur warriors
  3 merfolk aquamancers
  25 dancing weapons
  38 two-headed ogres
  A death knight (D:15)
  13 death yaks
  18 ogre magi
  9 deep troll shamans
  4 tengu warriors
  2 vampire magi
  18 naga sharpshooters
  4 orc high priests
  7 deep troll earth magi
  4 spriggan berserkers (Depths:2)
  16 shock serpents
  Urug (Lair:2)
  2 soul eaters
  Nergalle (Lair:1)
  A sun demon (Depths:3)
  A fire crab (shapeshifter) (Depths:4)
  27 deep elf knights
  2 sixfirhies (D:14)
  An iron troll (Depths:4)
  3 unseen horrors
  10 hell knights
  2 wizards
  5 salamander mystics
  9 skeletal warriors
  8 sea snakes
  A glowing orange brain (Depths:2)
  An infernal demonspawn (D:7)
  32 deep trolls
  A sea snake (shapeshifter) (Depths:2)
  A flayed ghost (Vaults:5)
  A spriggan druid (Depths:1)
  2 unseen horrors (shapeshifter)
  A swamp dragon (Lair:6)
  17 deep elf archers
  The ghost of jlumianski the Ducker, a novice TrWz of Qazlal (D:7)
  8 naga ritualists
  5 lindwurms
  Pikel (D:6)
  25 harpies
  16 ironbrand convokers
  A phantasmal warrior (Vaults:5)
  10 necromancers
  6 orc sorcerers
  A tengu zombie (Vaults:4)
  13 orc knights
  A lindwurm (shapeshifter) (Vaults:5)
  46 ugly things
  14 mana vipers
  10 manticores
  A salamander (shapeshifter) (Depths:2)
  5 fauns
  11 salamanders
  6 cyclopes
  3 wolf spiders
  An elephant (shapeshifter) (Depths:2)
  8 elephants
  55 deep elf magi
  8 merfolk sirens
  13 moths of wrath
  2 water nymphs (Shoals:4)
  18 naga magi
  3 ice statues (IceCv)
  35 black mambas
  A guardian serpent (shapeshifter) (Depths:4)
  A rust devil (Depths:1)
  A fire giant skeleton (Depths:1)
  6 guardian serpents
  11 vault sentinels
  A torpor snail (shapeshifter) (Depths:2)
  6 torpor snails (Lair:6)
  2 centaur skeletons
  A gargoyle (D:13)
  12 spiny frogs
  3 rime drakes
  A komodo dragon (shapeshifter) (Vaults:1)
  6 freezing wraiths
  2 tengu conjurers
  An efreet (D:15)
  A redback zombie (D:14)
  59 yaktaurs
  2 ice devils (Lair:5)
  3 trolls
  3 komodo dragons
  A hellwing (D:1)
  A jumping spider (Vaults:5)
  2 trolls (shapeshifter)
  A meliai (shapeshifter) (Depths:4)
  13 polar bears
  A yaktaur skeleton (Depths:1)
  4 tyrant leeches (Lair:6)
  6 wind drakes
  13 hornets
  A slime creature (shapeshifter) (Elf:3)
  18 merfolk
  A hippogriff (shapeshifter) (Vaults:3)
  18 blink frogs
  13 slime creatures
  A dream sheep (shapeshifter) (Depths:5)
  13 hippogriffs
  8 snapping turtles
  A spriggan zombie (Depths:1)
  A redback (Vaults:5)
  6 dream sheep (Lair:6)
  5 air elementals
  2 vampires
  4 spriggans
  64 yaks
  17 humans (D:13)
  6 wraiths
  2 humans (shapeshifter)
  14 water elementals
  5 hogs (D:12)
  A basilisk (shapeshifter) (Depths:5)
  5 fire elementals
  3 wyverns
  10 vampire mosquitoes
  A hog (shapeshifter) (Vaults:4)
  4 chaos spawn
  The ghost of Vomitron the Slasher, an amateur DsGl (D:3)
  3 steam dragons
  2 spriggan simulacra (Depths:1)
  3 basilisks
  4 hungry ghosts
  8 large abominations
  44 nagas
  4 acid dragons
  11 wargs
  A floating eye (Depths:4)
  3 porcupines
  7 hell hounds
  A floating eye (shapeshifter) (Vaults:4)
  12 water moccasins
  2 sky beasts
  2 ice beasts
  3 black bears
  29 orc warriors
  A swamp drake (Lair:6)
  A black bear (shapeshifter) (Depths:2)
  2 phantoms
  36 wolves
  An eye of draining (D:12)
  48 ogres
  10 boggarts
  12 crocodiles
  25 centaurs
  2 elf zombies (Ossuary)
  21 bullfrogs
  2 big kobolds
  A gnoll sergeant (D:7)
  2 earth elementals (Elf:1)
  A glowing shapeshifter simulacrum (Depths:1)
  A wyvern skeleton (D:8)
  3 scorpions
  A water moccasin skeleton (D:6)
  A killer bee (D:8)
  3 small abominations (Depths:5)
  18 wights
  6 howler monkeys
  2 electric eels
  10 crimson imps
  2 quasits
  4 bullfrog zombies
  7 centaur zombies
  4 jellies
  8 hounds
  12 human skeletons (Vaults:2)
  20 orc priests
  5 bullfrog skeletons
  20 orc wizards
  Terence (D:3)
  5 iguanas
  11 worker ants
  A hound zombie (D:9)
  2 mummies (Ossuary)
  A howler monkey zombie (D:8)
  A worker ant zombie (D:8)
  8 gnolls
  A howler monkey skeleton (D:6)
  An adder (shapeshifter) (Vaults:5)
  10 adders
  7 shadow imps
  2 oozes
  6 adder zombies
  2 adder skeletons
  3 worms
  3 dart slugs
  6 leopard geckos
  55 orcs
  2 ball pythons
  10 giant cockroaches
  A goblin (shapeshifter) (Vaults:5)
  13 goblins
  11 hobgoblins
  13 jackals
  22 kobolds
  6 quokkas
  A ball python skeleton (D:5)
  3 bats
  6 frilled lizards
  2 goblin zombies
  11 hobgoblin zombies (Ossuary)
  A jackal zombie (Ossuary)
  6 kobold zombies (Ossuary)
  A leopard gecko skeleton (D:4)
  7 orc zombies (Ossuary)
  A quokka skeleton (D:5)
  A quokka zombie (D:6)
  4 rats
  2 rat zombies (Ossuary)
  2 fungi
  4 plants
  4 tentacles (Shoals:2)
2260 creatures vanquished.

Vanquished Creatures (collateral kills)
  the Enchantress (Depths:2)
  Jorgrun (Vaults:1)
  A fire giant (Depths:2)
  A vault warden (Vaults:4)
  2 spriggan defenders (Depths:2)
  A stone giant (Depths:2)
  2 ettins (Depths:2)
  A great orb of eyes (Depths:2)
  A vault guard (Vaults:4)
  3 hydras
  A spriggan air mage (Depths:2)
  An ice dragon (Depths:2)
  A centaur warrior (Vaults:3)
  2 two-headed ogres
  Sonja (D:11)
  A deep troll (Vaults:4)
  A sphinx zombie (Vaults:4)
  A necromancer (Vaults:4)
  A human zombie (Vaults:4)
  A vault sentinel (Vaults:1)
  A yaktaur (Vaults:2)
  A yaktaur skeleton (Vaults:4)
  2 merfolk (Shoals:4)
  A slime creature (Vaults:2)
  A spriggan (Depths:2)
  A deep troll zombie (Vaults:4)
  A porcupine (Lair:1)
  2 ogres (Vaults:2)
35 creatures vanquished.

Vanquished Creatures (others)
  A very ugly thing (Depths:1)
  A great orb of eyes (Depths:3)
  A vampire mage (Vaults:4)
  A deep elf mage (Elf:3)
  A moth of wrath (Zot:5)
  2 slaves
  A centaur (Vaults:4)
  A boggart (Depths:2)
  A big kobold (D:7)
  2 orc wizards
  4 kobolds (D:7)
  A bush (Depths:5)
  11 fungi
  29 plants
  3 tentacles (Shoals:2)
60 creatures vanquished.

Grand Total: 2355 creatures vanquished

Notes
Turn   | Place    | Note
-------+----------+-------------------------------------------
     0 | D:1      | McSplat the Barachi Berserker began the quest for the Orb.
     0 | D:1      | Reached XP level 1. HP: 18/18 MP: 1/1
   246 | D:1      | Reached XP level 2. HP: 25/25 MP: 2/2
   649 | D:1      | Reached XP level 3. HP: 30/30 MP: 3/3
  1331 | D:2      | Reached ** piety under Trog
  1381 | D:2      | Reached XP level 4. HP: 22/37 MP: 4/4
  2602 | D:3      | Reached XP level 5. HP: 43/43 MP: 5/5
  2632 | D:3      | Noticed Terence
  2642 | D:3      | Killed Terence
  2642 | D:3      | Reached skill level 1 in Shields
  2643 | D:3      | Found a sparkling altar of Nemelex Xobeh.
  3036 | D:3      | Noticed Vomitron's ghost (amateur DsGl)
  3048 | D:3      | Killed Vomitron's ghost
  3048 | D:3      | Reached skill level 5 in Fighting
  3048 | D:3      | Reached skill level 5 in Axes
  3048 | D:3      | Reached XP level 6. HP: 51/51 MP: 6/6
  3665 | D:3      | You fall through a shaft for 2 floors!
  3665 | D:5      | Entered Level 5 of the Dungeon
  3974 | D:4      | Found a blossoming altar of Fedhas.
  4077 | D:4      | Found Ymytig's Food Shop.
  4262 | D:4      | Found a hazy altar of Hepliaklqana.
  4289 | D:4      | Noticed a phantom
  4295 | D:4      | Reached XP level 7. HP: 56/56 MP: 7/7
  4373 | D:4      | Reached *** piety under Trog
  4711 | D:4      | Found a staircase to the Ecumenical Temple.
  4873 | D:4      | Found a bloodstained altar of Trog.
  5056 | D:5      | Reached XP level 8. HP: 64/64 MP: 8/8
  5706 | D:5      | Found a burning altar of Makhleb.
  5874 | D:6      | Found a sand-covered staircase.
  5888 | Ossuary  | Entered an ossuary
  5940 | Ossuary  | Reached **** piety under Trog
  6128 | D:6      | Noticed Pikel
  6152 | D:6      | Noticed a yak
  6152 | D:6      | Noticed a yak
  6152 | D:6      | Noticed a yak
  6152 | D:6      | Noticed a yak
  6152 | D:6      | Noticed a yak
  6153 | D:6      | Noticed a yak
  6259 | D:5      | Killed a yak
  6259 | D:5      | Reached skill level 5 in Armour
  6314 | D:5      | Killed a yak
  6314 | D:5      | Reached XP level 9. HP: 72/72 MP: 9/9
  6468 | D:6      | Killed Pikel
  6468 | D:6      | Reached ***** piety under Trog
  6468 | D:6      | Reached skill level 10 in Axes
  7155 | D:7      | Reached XP level 10. HP: 65/83 MP: 10/10
  7839 | D:7      | Noticed jlumianski's ghost (novice TrWz)
  7850 | D:7      | Killed jlumianski's ghost
  8094 | D:8      | Received a gift from Trog
  8172 | D:8      | Noticed a fire dragon
  8172 | D:8      | Noticed a two-headed ogre
  8174 | D:8      | Reached skill level 1 in Evocations
  8180 | D:8      | Killed a fire dragon
  8191 | D:8      | Killed a two-headed ogre
  8191 | D:8      | Reached skill level 10 in Fighting
  8628 | D:8      | Reached XP level 11. HP: 78/92 MP: 13/13
  8689 | D:8      | Found an iron altar of Okawaru.
  8790 | D:8      | Found an ornate altar of the Wu Jian Council.
  9232 | D:9      | Found a staircase to the Orcish Mines.
  9288 | D:9      | Found a snail-covered altar of Cheibriados.
  9439 | D:9      | Noticed Erolcha
  9448 | D:9      | Killed Erolcha
  9461 | D:9      | Got a dazzling shield
  9468 | D:9      | Identified the +2 shield "Ciehiy" {rF+ MP+9 Int+3} (You took it off an orc on level 9 of the Dungeon)
  9513 | D:9      | Noticed a two-headed ogre
  9525 | D:9      | Killed a two-headed ogre
  9525 | D:9      | Reached skill level 5 in Evocations
  9852 | D:9      | Found a glowing golden altar of the Shining One.
  9852 | D:9      | Found a glowing silver altar of Zin.
  9853 | D:9      | Found a white marble altar of Elyvilon.
  9948 | D:10     | Entered Level 10 of the Dungeon
 10353 | D:10     | Noticed an unseen horror
 10362 | D:10     | Killed an unseen horror
 10458 | D:10     | Found a glowing golden altar of the Shining One.
 10620 | D:11     | Found a sacrificial altar of Ru.
 10700 | D:11     | Found a staircase to the Lair.
 10790 | D:11     | Reached XP level 12. HP: 89/100 MP: 16/16
 11295 | D:11     | Got an ancient buckler
 11311 | D:11     | Identified the +6 buckler of Hedge Wizardry {+Blink +Fly Stlth+} (You found it on level 11 of the Dungeon)
 11361 | D:11     | Noticed Sonja
 11376 | D:11     | Killed Sonja
 11852 | D:12     | Found Vyesh's Antique Weapon Emporium.
 11876 | D:12     | Noticed Kirke
 11889 | D:12     | Reached skill level 15 in Axes
 11894 | D:12     | Killed Kirke
 12041 | D:12     | Received a gift from Trog
 12242 | D:12     | Noticed a centaur warrior
 12253 | D:12     | Killed a centaur warrior
 12278 | D:12     | Reached skill level 10 in Armour
 12278 | D:12     | Reached skill level 5 in Shields
 12419 | D:12     | Noticed Frances
 12434 | D:12     | Killed Frances
 12565 | Lair:1   | Entered Level 1 of the Lair of Beasts
 12565 | Lair:1   | Noticed Nergalle
 12585 | Lair:1   | Killed Nergalle
 12687 | Lair:1   | Gained mutation: You can hop longer distances. [Barachi growth]
 12687 | Lair:1   | Reached XP level 13. HP: 106/106 MP: 9/18
 13354 | Lair:2   | Noticed Urug
 13370 | Lair:2   | Killed Urug
 13431 | Lair:2   | Received a gift from Trog
 13478 | Lair:2   | Identified a scroll of acquirement
 13479 | Lair:2   | Found the +27 Lear's hauberk
 13579 | Lair:2   | Found a staircase to the Snake Pit.
 14385 | Lair:3   | Found a staircase to the Shoals.
 14729 | Lair:3   | Noticed Fannar
 14748 | Lair:3   | Killed Fannar
 15667 | Lair:4   | Reached XP level 14. HP: 113/113 MP: 9/19
 16023 | Lair:5   | Found a staircase to the Slime Pits.
 16228 | Lair:5   | Reached skill level 10 in Shields
 16235 | Lair:5   | Received a gift from Trog
 16281 | Lair:5   | Found a frozen archway.
 16301 | IceCv    | Entered an ice cave
 16585 | IceCv    | Noticed a frost giant
 16605 | IceCv    | Killed a frost giant
 17453 | Lair:6   | Entered Level 6 of the Lair of Beasts
 17811 | Lair:6   | Reached XP level 15. HP: 118/118 MP: 9/20
 18392 | Lair:6   | Reached ****** piety under Trog
 18523 | Lair:6   | Found a runed door.
 18624 | Lair:6   | Reached skill level 15 in Shields
 19040 | Orc:1    | Entered Level 1 of the Orcish Mines
 19131 | Orc:2    | Entered Level 2 of the Orcish Mines
 19244 | Orc:2    | Found a staircase to the Elven Halls.
 19350 | Orc:2    | Found Qeoruipp's Antique Weapon Emporium.
 19353 | Orc:2    | Received a gift from Trog
 19381 | Orc:2    | Found Zuqosty's Weapon Shop.
 19440 | Orc:2    | Found a roughly hewn altar of Beogh.
 19758 | Orc:2    | Found Cuaxe's Armour Shop.
 19763 | Orc:2    | Found Rofeuwn's Antique Armour Emporium.
 20377 | D:13     | Received a gift from Trog
 20429 | D:13     | Found a gate to the Vaults.
 20567 | D:13     | Found a radiant altar of Vehumet.
 20834 | D:13     | Found an iron altar of Okawaru.
 20924 | D:13     | Reached XP level 16. HP: 114/131 MP: 10/21
 22041 | D:15     | Entered Level 15 of the Dungeon
 22108 | D:15     | Noticed Roxanne
 22176 | D:15     | Found a staircase to the Depths.
 22186 | D:15     | Received a gift from Trog
 22187 | D:15     | Found the +8 mithril axe "Arga" {speed, MR+}
 22393 | D:15     | Found a hazy altar of Hepliaklqana.
 22746 | Shoals:1 | Entered Level 1 of the Shoals
 22766 | Shoals:1 | Noticed Josephine
 22773 | Shoals:1 | Reached skill level 1 in Throwing
 22789 | Shoals:1 | Killed Josephine
 23790 | Shoals:2 | Found Ziaqoh's Assorted Antiques.
 23879 | Shoals:2 | Found Helines's Jewellery Shop.
 24080 | Shoals:2 | Noticed a kraken
 24095 | Shoals:2 | Killed a kraken
 24095 | Shoals:2 | Reached skill level 5 in Throwing
 24162 | Shoals:2 | Found Agunawel's Assorted Antiques.
 24259 | Shoals:2 | Reached skill level 10 in Evocations
 24319 | Shoals:2 | Found Xuomn's Book Shop.
 24358 | Shoals:2 | Found Joathemurgh's Jewellery Emporium.
 24816 | Shoals:3 | Received a gift from Trog
 25301 | Shoals:4 | Entered Level 4 of the Shoals
 25436 | Shoals:4 | Reached XP level 17. HP: 132/139 MP: 24/24
 25523 | Shoals:4 | Received a gift from Trog
 25793 | Shoals:4 | Reached skill level 10 in Throwing
 26320 | Shoals:4 | Noticed Ilsuiw
 26339 | Shoals:4 | Received a gift from Trog
 26342 | Shoals:4 | Killed Ilsuiw
 26723 | Shoals:4 | Reached skill level 15 in Fighting
 26723 | Shoals:4 | Reached skill level 15 in Armour
 26742 | Shoals:4 | Got a barnacled rune of Zot
 27178 | Snake:1  | Entered Level 1 of the Snake Pit
 27198 | Snake:1  | Found a basalt altar of Yredelemnul.
 27829 | Snake:2  | Noticed Saint Roka
 27933 | Snake:2  | Killed Saint Roka
 27943 | Snake:2  | Received a gift from Trog
 28113 | Snake:2  | Reached skill level 5 in Dodging
 28136 | Snake:2  | Reached XP level 18. HP: 124/150 MP: 25/25
 28192 | Snake:2  | Noticed Azrael
 28204 | Snake:2  | Killed Azrael
 28535 | Snake:2  | Noticed Aizul
 28551 | Snake:2  | Killed Aizul
 29418 | Snake:3  | Found Webliw's Jewellery Shop.
 29418 | Snake:3  | Found Tauves's Food Boutique.
 29420 | Snake:3  | Found Mosuboaq's Book Shop.
 29432 | Snake:3  | Found Zacias's Assorted Antiques.
 29656 | Snake:3  | Received a gift from Trog
 29958 | Snake:3  | Noticed Vashnia
 30000 | Snake:3  | Killed Vashnia
 30360 | Snake:4  | Entered Level 4 of the Snake Pit
 30360 | Snake:4  | Found a burning altar of Makhleb.
 31356 | Snake:4  | Received a gift from Trog
 31584 | Snake:4  | Reached XP level 19. HP: 161/161 MP: 26/26
 31999 | Snake:4  | Received a gift from Trog
 32368 | Snake:4  | Reached skill level 10 in Dodging
 32426 | Snake:4  | Received a gift from Trog
 32714 | Snake:4  | Received a gift from Trog
 32796 | Snake:4  | Got a serpentine rune of Zot
 33185 | Vaults:1 | Entered Level 1 of the Vaults
 33428 | Vaults:1 | Found a portal to a secret trove of treasure.
 33705 | Vaults:1 | Reached XP level 20. HP: 122/172 MP: 17/27
 33770 | Vaults:1 | Noticed Jorgrun
 33781 | Vaults:1 | Received a gift from Trog
 33783 | Vaults:1 | Killed Jorgrun
 33784 | Vaults:1 | Got a smoking quarterstaff {god gift}
 34336 | Vaults:1 | Noticed pichaelthompson's ghost (adept DsBe)
 34361 | Vaults:1 | Killed pichaelthompson's ghost
 34853 | Vaults:2 | Received a gift from Trog
 35452 | Vaults:2 | Received a gift from Trog
 35703 | Vaults:2 | Noticed Mennas
 36100 | Vaults:2 | Found a staircase to the Crypt.
 36390 | Vaults:3 | Received a gift from Trog
 36457 | Vaults:3 | Reached XP level 21. HP: 118/182 MP: 12/28
 36567 | Vaults:3 | Found a flickering gateway to a bazaar.
 36582 | Bazaar   | Entered a bazaar
 36587 | Bazaar   | Found Cukimm's Jewellery Shop.
 36600 | Bazaar   | Found Senuploud's Book Shop.
 36640 | Bazaar   | Bought an uncursed ring of resist corrosion for 240 gold pieces
 37490 | Vaults:3 | Received a gift from Trog
 37936 | Vaults:3 | Got a pair of polished boots
 37938 | Vaults:3 | Identified the +1 pair of boots of Forking Paths {Str+4} (You found it on level 3 of the Vaults)
 38247 | Vaults:4 | Received a gift from Trog
 38542 | Vaults:4 | Received a gift from Trog
 38824 | Vaults:4 | Received a gift from Trog
 38877 | Vaults:4 | Reached skill level 15 in Dodging
 39169 | Vaults:4 | Reached XP level 22. HP: 185/194 MP: 14/29
 39503 | Vaults:4 | Found Eruajeod's Book Shop.
 39513 | Vaults:4 | Got a scintillating steel ring
 39517 | Vaults:4 | Identified the ring of Desertification {MR- Str+2 Int+5 Dex+4} (You took it off an ironbrand convoker on level 4 of the Vaults)
 39608 | Vaults:4 | Received a gift from Trog
 40170 | Vaults:4 | Got a fine large shield
 40171 | Vaults:4 | Identified the +7 large shield of Eternal Vigilance {rN+ Str+2} (You found it on level 4 of the Vaults)
 40533 | Depths:1 | Entered Level 1 of the Depths
 40907 | Depths:1 | Found a gateway to Hell.
 40995 | Depths:1 | Paralysed by a great orb of eyes for 2 turns
 41481 | Depths:1 | Received a gift from Trog
 41664 | Depths:2 | Noticed Bai Suzhen
 41678 | Depths:2 | Killed Bai Suzhen
 41798 | Depths:2 | Received a gift from Trog
 41798 | Depths:2 | Reached XP level 23. HP: 156/202 MP: 10/30
 41980 | Depths:2 | Got a dazzling plate armour
 41982 | Depths:2 | Identified the +10 plate armour of the Frog {Str+6} (You found it on level 2 of the Depths)
 42206 | Depths:2 | Noticed the Enchantress
 42206 | Depths:2 | Found a shimmering altar of Xom.
 42206 | Depths:2 | Found an opulent altar of Gozag.
 42276 | Depths:2 | Killed the Enchantress
 42324 | Depths:2 | Received a gift from Trog
 42405 | Depths:2 | Got faerie dragon scales
 42449 | Depths:2 | Identified the +3 faerie dragon scales {rCorr Str+3} (You took it off the Enchantress on level 2 of the Depths)
 42574 | Depths:2 | Noticed a juggernaut
 42592 | Depths:2 | Killed a juggernaut
 42735 | Depths:2 | Found a runed door.
 42735 | Depths:2 | Found a runed door.
 42735 | Depths:2 | Noticed a golden dragon
 43148 | Depths:2 | Found a hazy altar of Hepliaklqana.
 43148 | Depths:2 | Found an opulent altar of Gozag.
 43170 | Depths:2 | Noticed a golden dragon
 43191 | Depths:2 | Killed a golden dragon
 43522 | Depths:2 | Received a gift from Trog
 43549 | Depths:2 | Noticed a golden dragon
 43557 | Depths:2 | Killed a golden dragon
 43768 | Depths:2 | Found a gateway to a ziggurat.
 43791 | Depths:2 | Noticed a juggernaut
 43819 | Depths:2 | Killed a juggernaut
 43958 | Depths:2 | Identified the Papyrus of Captivating Lightness
 43973 | Depths:2 | Got a scintillating silver ring
 43974 | Depths:2 | Identified the ring "Qimpuyfe" {rElec Str-5 Int+6 Stlth-} (You found it on level 2 of the Depths)
 44000 | Depths:2 | Found a blossoming altar of Fedhas.
 44159 | Depths:2 | Reached XP level 24. HP: 211/211 MP: 10/30
 44544 | Depths:3 | Found a flickering gateway to a bazaar.
 44556 | Bazaar   | Entered a bazaar
 44560 | Bazaar   | Found Puituck's Jewellery Boutique.
 44578 | Bazaar   | Found Pyhawoum's Magic Scroll Emporium.
 44583 | Bazaar   | Bought a scroll of acquirement for 520 gold pieces
 44583 | Bazaar   | Bought a scroll of blinking for 75 gold pieces
 44597 | Bazaar   | Found Ganon's General Store.
 44614 | Bazaar   | Found Kenauw's Book Shoppe.
 44651 | Bazaar   | Bought a scroll of fog for 20 gold pieces
 44651 | Bazaar   | Bought a scroll of enchant armour for 75 gold pieces
 44651 | Bazaar   | Bought a scroll of magic mapping for 35 gold pieces
 44667 | Bazaar   | Bought a scroll of magic mapping for 49 gold pieces
 44667 | Bazaar   | Bought a potion of might for 56 gold pieces
 44730 | Depths:3 | Found Aghaoses's Magic Scroll Boutique.
 44734 | Depths:3 | Got a pitted granite ring
 44737 | Depths:3 | Identified the ring "Ellar" {*Corrode rC+ MR+ Int+4 Dex+9} (You acquired it on level 3 of the Depths)
 44770 | Depths:3 | Found Fifokhleo's Weapon Emporium.
 44781 | Depths:3 | Found Zorghocw's Jewellery Shoppe.
 44785 | Depths:3 | Bought the ring of Unod Ley {+Fly rElec MR+ Slay+2} for 1046 gold pieces
 44893 | Depths:3 | Received a gift from Trog
 44915 | Depths:3 | Noticed a juggernaut
 44936 | Depths:3 | Killed a juggernaut
 45202 | Depths:3 | Found Vagiz's Magic Scroll Shop.
 45212 | Depths:3 | Found a one-way gate leading to the halls of Pandemonium.
 45586 | Depths:4 | Found a one-way gate to the infinite horrors of the Abyss.
 45777 | Vaults:1 | You paid a toll of 8 scrolls of blinking to enter a treasure trove
 45778 | Trove    | Entered a treasure trove
 46026 | Vaults:2 | Killed Mennas
 46543 | Shoals:2 | Noticed Polyphemus
 46564 | Shoals:2 | Killed Polyphemus
 46817 | Orc:2    | Bought a pair of heavily runed boots for 361 gold pieces
 46817 | Orc:2    | Bought a shiny helmet for 285 gold pieces
 46832 | Orc:2    | Identified the +0 pair of boots of Ciatoru {MR- Regen+ Str-4 Dex+9} (You bought it in a shop on level 2 of the Orcish Mines)
 46865 | Orc:2    | Bought a faintly glowing plate armour for 1064 gold pieces
 46865 | Orc:2    | Identified the +3 plate armour "Quvilan" {rC+} (You bought it in a shop on level 2 of the Orcish Mines)
 47131 | Shoals:2 | Bought the cursed necklace of Bloodlust {*Rage +Rage MR++ Int-3 Slay+6 *Curse} for 761 gold pieces
 47131 | Shoals:2 | Found the cursed necklace of Bloodlust {*Rage +Rage MR++ Int-3 Slay+6 *Curse}
 48428 | Depths:4 | Received a gift from Trog
 48599 | Depths:4 | Paralysed by a floating eye for 3 turns
 48687 | Depths:4 | Noticed a juggernaut
 48697 | Depths:4 | Killed a juggernaut
 49120 | Depths:4 | Reached XP level 25. HP: 221/221 MP: 13/32
 49199 | Depths:5 | Entered Level 5 of the Depths
 49519 | Depths:5 | Received a gift from Trog
 50076 | Depths:5 | Reached skill level 15 in Evocations
 50993 | Depths:5 | Got a steaming broad axe {god gift}
 50994 | Depths:5 | Identified the +7 broad axe of Antas {chop, rF+ rN+ Int+4} (Trog gifted it to you on level 5 of the Depths)
 51072 | Depths:5 | Found a gate to the Realm of Zot.
 51263 | Depths:5 | Found Wuci's Jewellery Shop.
 51263 | Depths:5 | Found Buakhlih's Gadget Emporium.
 51264 | Depths:5 | Found Wyut's Gadget Emporium.
 51701 | Elf:1    | Entered Level 1 of the Elven Halls
 51721 | Elf:1    | Found a radiant altar of Vehumet.
 51726 | Elf:1    | Received a gift from Trog
 52087 | Elf:1    | Received a gift from Trog
 52172 | Elf:1    | Received a gift from Trog
 52937 | Elf:2    | Found Dawyady's Food Shop.
 53023 | Elf:2    | Found a huge runed gate.
 53029 | Elf:2    | Found a huge runed gate.
 53029 | Elf:2    | Found a huge runed gate.
 53029 | Elf:2    | Found a huge runed gate.
 53031 | Elf:2    | Found a huge runed gate.
 53351 | Elf:2    | Found a deep blue altar of Sif Muna.
 53602 | Elf:2    | Received a gift from Trog
 53691 | Elf:2    | Noticed Asterion
 53699 | Elf:2    | Killed Asterion
 53829 | Elf:2    | Received a gift from Trog
 53937 | Elf:3    | Entered Level 3 of the Elven Halls
 54029 | Elf:3    | Noticed Amnesiac's ghost (adept GnEE)
 54030 | Elf:3    | Reached XP level 26. HP: 229/229 MP: 14/35
 54048 | Elf:3    | Killed Amnesiac's ghost
 54348 | Elf:3    | Received a gift from Trog
 54385 | Elf:3    | Got a fine silver ring
 54387 | Elf:3    | Identified the ring of Gumubyh {rPois MR+ SInv} (You took it off a deep elf annihilator on level 3 of the Elven Halls)
 54405 | Elf:3    | Found the -2 hat of the Alchemist {rElec rPois rF+ rC+ rN+ MR+ rMut rCorr}
 54444 | Elf:3    | Got a faintly glowing platinum amulet
 54525 | Elf:3    | Identified the amulet "Kuadaley" {+Rage rC+ rN+ Dex+4} (You took it off a deep elf demonologist on level 3 of the Elven Halls)
 55350 | Vaults:5 | Entered Level 5 of the Vaults
 55355 | Vaults:5 | Received a gift from Trog
 55801 | Vaults:5 | Got a faintly glowing plate armour
 55802 | Vaults:5 | Identified the cursed +1 plate armour of Lueduz {MR+ Int+3 SInv} (You took it off a vault guard on level 5 of the Vaults)
 55908 | Vaults:5 | Received a gift from Trog
 56056 | Vaults:5 | Received a gift from Trog
 56305 | Vaults:5 | Reached XP level 27. HP: 240/240 MP: 35/35
 56531 | Vaults:5 | Received a gift from Trog
 56617 | Vaults:5 | Reached skill level 27 in Armour
 56696 | Vaults:5 | Received a gift from Trog
 57056 | Vaults:5 | Got a crude helmet
 57057 | Vaults:5 | Identified the +1 helmet of Elyvilon's Envy {rElec Dex+3} (You found it on level 5 of the Vaults)
 57268 | Vaults:5 | Got a flickering copper ring
 57315 | Vaults:5 | Got a silver rune of Zot
 57896 | Snake:3  | Bought a potion of agility for 140 gold pieces
 57896 | Snake:3  | Bought a scroll of teleportation for 105 gold pieces
 57896 | Snake:3  | Bought a potion of curing for 105 gold pieces
 57896 | Snake:3  | Bought a potion of heal wounds for 175 gold pieces
 57896 | Snake:3  | Bought a potion of curing for 105 gold pieces
 57896 | Snake:3  | Bought a scroll of teleportation for 105 gold pieces
 58254 | Zot:1    | Entered Level 1 of the Realm of Zot
 58283 | Zot:1    | Received a gift from Trog
 58299 | Zot:1    | Identified the ring of Husiogio {MP+9 Int+4} (You took it off a deep elf high priest on level 5 of the Vaults)
 58714 | Zot:3    | Received a gift from Trog
 59144 | Zot:5    | Entered Level 5 of the Realm of Zot
 59526 | Zot:5    | Noticed an ancient lich
 59549 | Zot:5    | Killed an ancient lich
 59957 | Zot:5    | Reached skill level 27 in Fighting
 60187 | Zot:5    | Noticed an ancient lich
 60200 | Zot:5    | Killed an ancient lich
 60316 | Zot:5    | Noticed an orb of fire
 60316 | Zot:5    | Gained mutation: You expend magic power (3 MP) to strengthen your wands. [an orb of fire]
 60376 | Zot:5    | Noticed an ancient lich
 60389 | Zot:5    | Killed an ancient lich
 60550 | Zot:5    | Killed an orb of fire
 61098 | Zot:5    | Noticed an orb of fire
 61116 | Zot:5    | Killed an orb of fire
 61116 | Zot:5    | Received a gift from Trog
 61148 | Zot:5    | Noticed an orb of fire
 61148 | Zot:5    | Gained mutation: You occasionally shout uncontrollably at your foes. [an orb of fire]
 61163 | Zot:5    | Gained mutation: You tend to lose your temper in combat. [an orb of fire]
 61167 | Zot:5    | Killed an orb of fire
 61563 | Zot:5    | Noticed an orb of fire
 61569 | Zot:5    | Gained mutation: Scrolls take you a little longer to read. [an orb of fire]
 61577 | Zot:5    | Killed an orb of fire
 61779 | Zot:5    | Got the Orb of Zot
 61924 | Depths:4 | Noticed Rer Juafe the pandemonium lord
 62374 | D:1      | Noticed Puyxt the pandemonium lord
 62405 | D:$      | Escaped with the Orb!

Vault maps used:
D:1:      dpeg_arrival_morbid_curiosity
D:2:      first_bread
D:3:      cheibrodos_thug_alley, nemelex_xobeh_ov_fountains_minmay,
          minmay_gold_behind_fungi, roderic_roman_lattice, uniq_terence
D:4:      overflow_temple_1_default, fedhas_bush_and_centaur_altar, bloody_trog,
          temple_fountains, serial_shops, shop, st_stairs_14
D:5:      makhleb_heckhound_becter
D:6:      enter_ossuary_4, uniq_pikel
D:7:      the_bakery
D:8:      wad_statue_garden, kennysheep_okawaru_gauntlet, old_standard_altar
D:9:      good_gods_mini_temple, nicolae_overflow_hidden_temple,
          minmay_orc_entry_guard_dogs, uniq_erolcha
D:10:     nicolae_tso_carved_into_rock
D:11:     david_lair_generic, nicolae_ru_awakened_eye, uniq_sonja
D:12:     serial_shops, nicolae_shop_stone, nrook_pool_corridor, uniq_kirke,
          uniq_frances, uniq_rupert
D:13:     minmay_bloctagon, grunt_vaults_entry_tiered, basic_altar,
          lemuel_tele_altar
D:14:     small_statue_alley_a, st_stairs_3, minmay_three_doors
D:15:     grunt_enter_depths_giant_problem, basic_altar, columned_hall_lemuel,
          minmay_strange_pillars, uniq_roxanne
Lair:1:   cheibrodos_lair_river_kwai, minmay_lair_oklob_chamber, uniq_nergalle
Lair:2:   minmay_snake_entry_guardpost_small, st_stairs_10, uniq_urug
Lair:3:   shoals_dummy_entry, uniq_fannar
Lair:4:   lemuel_another_geyser, grunt_megastairs_3, lemuel_fruit_tree
Lair:5:   minmay_slime_entry_pillars, portal_ice_cave_demonic_guard,
          grunt_forest_large_clearings
Lair:6:   guppyfry_lair_end_dragon, wormcave, infiniplex_staircase_pool
Shoals:1: nicolae_shoals_seven_spires, uniq_josephine
Shoals:2: serial_shops, shop, shop, nicolae_shop_behind_doors, shop, shop,
          nicolae_shoals_kraken_intersection, uniq_polyphemus
Shoals:4: shoals_end_grunt_ice, shoals_ilsuiw_ice, nicolae_shoals_this_corrosion
Snake:1:  basic_altar
Snake:2:  grunt_megastairs_4, uniq_aizul, uniq_azrael, uniq_saint_roka
Snake:3:  grunt_megastairs_2, minmay_shoptagon, uniq_vashnia
Snake:4:  snake_pit_salamanders_mu, statue_in_the_mist_lemuel, st_stairs_8,
          grunt_ministairs_5, lemuel_oklob_altar
Orc:2:    st_orc_elflike, basic_altar
Elf:1:    eino_elf_arrival_altar, minmay_elf_sorcery
Elf:2:    serial_shops, nicolae_shop_behind_doors, basic_altar, uniq_asterion
Elf:3:    grunt_elf_hall_diamonds
Vaults:1: grunt_vaults_focal, hangedman_vaults_stretched_pinwheel,
          nicolae_vaults_meeting, nicolae_vaults_disjoint_gnomons, v_misc_3,
          grunt_vaults_twisty, v_misc_12, nicolae_vaults_ring_of_whatevers,
          nicolae_vaults_little_squares_2, v_misc_9, nicolae_vaults_alarming,
          enter_trove_5, uniq_jorgrun
Vaults:2: hangedman_vaults_capsules, dpeg_vaults_monster_row, v_rooms_5,
          minmay_crypt_entry_simple_plaza, hangedman_vaults_river_flow,
          v_misc_4, hangedman_vaults_slice, vaults_mumra_lcd,
          ontoclasm_vaults_loading_screen, v_misc_19, vaults_dpeg_hooks,
          uniq_mennas
Vaults:3: nicolae_vaults_ninety_degrees, ontoclasm_vaults_shout,
          nicolae_vaults_little_squares_6, v_misc_30, vaults_mumra_hex,
          vaults_room_grid, serial_shops, bzr_entry_gold
Vaults:4: v_alt_pattern_1, st_greater_box_2, nicolae_vaults_theta,
          ontoclasm_vaults_chip, v_misc_9, v_misc_5, v_misc_14,
          hangedman_vaults_restitches, v_pattern_5, ontoclasm_vaults_eye,
          grunt_vaults_hallway_short, grunt_vaults_diagonal, serial_shops, shop
Depths:1: grunt_mini_vestibule, minmay_misc_feat_secret_circle,
          kilobyte_rumbling_trees
Depths:2: minmay_the_grid_ultimate, serial_shops, hell_entry, uniq_enchantress,
          uniq_bai_suzhen
Depths:3: minmay_dotted_concentric_squares, hell_entry, pan_entry, serial_shops,
          freezing_bzr, shop, shop, shop_fountains, kennysheep_mini_moat,
          grunt_decor_mini_mirrors
Depths:4: kennysheep_snake, hangedman_geh_valley, infiniplex_staircase_zigzag_2,
          abyss_entry, serial_bayou_shore_a
Depths:5: evilmike_zot_entry_basic, minmay_misc_feat_doors,
          minmay_room_of_horrors, hell_entry, minmay_shop_grove
Zot:2:    gammafunk_mikee_crab_dinner
Zot:3:    amethyst_zot_foddershock
Bazaar:   bazaar_jpeg_cross, bazaar_jpeg_circle_common
Trove:    trove_library
Ossuary:  ossuary_tomb_1
IceCv:    ice_cave_small_giant

Skill      XL: |  1  2  3  4  5  6  7  8  9 10 11 12 13 14 15 16 17 18 19 20 21 22 23 24 25 26 27 |
---------------+----------------------------------------------------------------------------------+-----
Fighting       | 4 5 6 7 9 10 11 13 14 15 17 18 19 21 22 23 24 27 | 27.0
Axes           | 4 5 6 7 9 10 12 14 15 17 18 19 21 23 24 | 24.0
Armour         | 3 5 7 8 10 11 13 14 15 17 18 19 21 22 24 25 26 27 | 27.0
Shields        | 2 3 4 5 8 13 15 17 20 | 20.9
Evocations     | 3 6 7 10 13 16 | 16.6
Throwing       | 7 10 14 | 14.5
Dodging        | 5 9 11 13 15 16 | 16.5

Action                   |  1- 3 |  4- 6 |  7- 9 | 10-12 | 13-15 | 16-18 | 19-21 | 22-24 | 25-27 || total
-------------------------+-------+-------+-------+-------+-------+-------+-------+-------+-------++-------
Melee: Hand axe          |    83 |   222 |   461 |       |       |       |       |       |       ||   766
       War axe           |       |       |    76 |   119 |       |       |       |       |       ||   195
       Battleaxe         |       |       |       |   387 |       |       |       |       |       ||   387
       Unarmed           |       |       |       |    10 |       |       |       |       |       ||    10
       Broad axe         |       |       |       |    66 |  1072 |  1526 |  1431 |  1796 |  1687 ||  7578
       Executioner's axe |       |       |       |       |    19 |       |       |       |       ||    19
 Fire: Blowgun           |       |     4 |     1 |    26 |    55 |       |       |       |       ||    86
Throw: Tomahawk          |       |     2 |    11 |     2 |    12 |    58 |       |       |       ||    85
       Javelin           |       |       |       |       |       |    52 |    24 |    15 |    94 ||   185
       Throwing net      |       |       |       |       |       |       |       |       |     8 ||     8
Invok: Berserk           |     3 |     7 |     5 |    10 |    13 |     4 |     5 |     8 |     1 ||    56
       Trog's Hand       |       |       |       |     4 |     1 |       |     2 |     2 |     1 ||    10
       Brothers in Arms  |       |       |       |     1 |     5 |     1 |     6 |     5 |     1 ||    19
       Burn Spellbooks   |       |       |       |       |     2 |     3 |       |     9 |    17 ||    31
 Abil: Hop               |       |       |     1 |     6 |     6 |     8 |     7 |     2 |     3 ||    33
Evoke: Wand              |       |       |       |     4 |     5 |     3 |     4 |     1 |    14 ||    31
  Use: Potion            |     1 |       |       |     2 |     1 |     1 |     4 |       |     8 ||    17
       Scroll            |       |    10 |     5 |    15 |     9 |     8 |     4 |    13 |    28 ||    92
 Stab: Sleeping          |     1 |     1 |       |       |       |       |       |       |       ||     2
       Petrified         |       |       |       |       |     1 |       |       |       |       ||     1
       Distracted        |       |       |       |       |       |       |     1 |     4 |       ||     5
       Held in net/web   |       |       |       |       |       |       |       |       |     1 ||     1
  Eat: Chunk             |     3 |    17 |    13 |    19 |    36 |    25 |    25 |    34 |    25 ||   197
       Bread ration      |       |       |     1 |     5 |     2 |     3 |     2 |     3 |     6 ||    22
       Meat ration       |       |       |       |       |       |     1 |       |       |       ||     1
Armor: Animal skin       |    12 |    22 |       |       |       |       |       |       |       ||    34
       Skin              |     4 |     1 |       |       |       |       |       |       |       ||     5
       Chain mail        |       |     9 |    16 |       |   412 |   548 |   398 |   306 |       ||  1689
       Plate armour      |       |       |   243 |   364 |    52 |       |       |    60 |   318 ||  1037
       Gold dragon scale |       |       |       |       |       |       |       |       |   143 ||   143
Dodge: Dodged            |    72 |    99 |   146 |   207 |   237 |   276 |   420 |   418 |   515 ||  2390
Block: Buckler           |       |    29 |    95 |     4 |       |       |       |       |       ||   128
       Shield            |       |       |       |    66 |   637 |   836 |   839 |   226 |  1003 ||  3607
       Large shield      |       |       |       |       |       |       |       |  1141 |       ||  1141

Table legend:
 A = Spawn XP
 B = Non-spawn XP
 C = Spawn XP percentage of total XP
 D = Spawn monster count
 E = Non-spawn monster count
 F = Spawn count percentage of total count
 G = Total turns spent on level
                    A         B        C        D         E        F      G
               +---------+---------+-------+---------+---------+-------+---------
         Total |       0 | 1562495 |   0.0 |       0 |    2275 |   0.0 | 62405
               +---------+---------+-------+---------+---------+-------+---------
           D:1 |       0 |      48 |   0.0 |       0 |      24 |   0.0 |  1346
           D:2 |       0 |     114 |   0.0 |       0 |      31 |   0.0 |  1307
           D:3 |       0 |     270 |   0.0 |       0 |      26 |   0.0 |  1234
           D:4 |       0 |     591 |   0.0 |       0 |      23 |   0.0 |   873
           D:5 |       0 |    1186 |   0.0 |       0 |      20 |   0.0 |  1370
           D:6 |       0 |    1543 |   0.0 |       0 |      23 |   0.0 |   726
           D:7 |       0 |    2148 |   0.0 |       0 |      26 |   0.0 |  1048
           D:8 |       0 |    3639 |   0.0 |       0 |      46 |   0.0 |  1230
           D:9 |       0 |    3376 |   0.0 |       0 |      28 |   0.0 |   921
          D:10 |       0 |    2922 |   0.0 |       0 |      23 |   0.0 |   873
          D:11 |       0 |    6674 |   0.0 |       0 |      37 |   0.0 |  1503
          D:12 |       0 |    7401 |   0.0 |       0 |      24 |   0.0 |   901
          D:13 |       0 |   20704 |   0.0 |       0 |      72 |   0.0 |  1288
          D:14 |       0 |    5780 |   0.0 |       0 |      16 |   0.0 |   937
          D:15 |       0 |   14638 |   0.0 |       0 |      31 |   0.0 |   796
        Lair:1 |       0 |    7528 |   0.0 |       0 |      28 |   0.0 |  1068
        Lair:2 |       0 |    5275 |   0.0 |       0 |      22 |   0.0 |  1146
        Lair:3 |       0 |    6326 |   0.0 |       0 |      20 |   0.0 |  1314
        Lair:4 |       0 |    5216 |   0.0 |       0 |      24 |   0.0 |   669
        Lair:5 |       0 |   13365 |   0.0 |       0 |      47 |   0.0 |   886
        Lair:6 |       0 |   20443 |   0.0 |       0 |      63 |   0.0 |  1397
      Shoals:1 |       0 |   13564 |   0.0 |       0 |      29 |   0.0 |  1084
      Shoals:2 |       0 |   15751 |   0.0 |       0 |      22 |   0.0 |   927
      Shoals:3 |       0 |    7338 |   0.0 |       0 |      16 |   0.0 |   913
      Shoals:4 |       0 |   41687 |   0.0 |       0 |      64 |   0.0 |  1687
       Snake:1 |       0 |   10298 |   0.0 |       0 |      25 |   0.0 |   860
       Snake:2 |       0 |   29550 |   0.0 |       0 |      54 |   0.0 |  1242
       Snake:3 |       0 |   31711 |   0.0 |       0 |      47 |   0.0 |  1569
       Snake:4 |       0 |   79481 |   0.0 |       0 |     112 |   0.0 |  2425
         Orc:1 |       0 |    2202 |   0.0 |       0 |      24 |   0.0 |   425
         Orc:2 |       0 |    9163 |   0.0 |       0 |      41 |   0.0 |   925
         Elf:1 |       0 |   26297 |   0.0 |       0 |      40 |   0.0 |  1268
         Elf:2 |       0 |   36544 |   0.0 |       0 |      46 |   0.0 |  1030
         Elf:3 |       0 |   67293 |   0.0 |       0 |      70 |   0.0 |  1054
      Vaults:1 |       0 |   57601 |   0.0 |       0 |      82 |   0.0 |  1887
      Vaults:2 |       0 |   60739 |   0.0 |       0 |      92 |   0.0 |  1721
      Vaults:3 |       0 |   59216 |   0.0 |       0 |      99 |   0.0 |  2334
      Vaults:4 |       0 |   97413 |   0.0 |       0 |     120 |   0.0 |  1925
      Vaults:5 |       0 |  155995 |   0.0 |       0 |     133 |   0.0 |  2168
      Depths:1 |       0 |   50146 |   0.0 |       0 |      71 |   0.0 |  1109
      Depths:2 |       0 |  151365 |   0.0 |       0 |     111 |   0.0 |  2855
      Depths:3 |       0 |   33518 |   0.0 |       0 |      25 |   0.0 |  1068
      Depths:4 |       0 |   89644 |   0.0 |       0 |      81 |   0.0 |  3227
      Depths:5 |       0 |   62528 |   0.0 |       0 |      55 |   0.0 |  1111
         Zot:1 |       0 |   11910 |   0.0 |       0 |       7 |   0.0 |   156
         Zot:2 |       0 |   10013 |   0.0 |       0 |       4 |   0.0 |    68
         Zot:3 |       0 |   16877 |   0.0 |       0 |      13 |   0.0 |   398
         Zot:4 |       0 |   11937 |   0.0 |       0 |       8 |   0.0 |   595
         Zot:5 |       0 |  183454 |   0.0 |       0 |      56 |   0.0 |  2239
       Ossuary |       0 |     453 |   0.0 |       0 |      38 |   0.0 |   228
         IceCv |       0 |    9620 |   0.0 |       0 |      36 |   0.0 |   748
               +---------+---------+-------+---------+---------+-------+---------
